 Dungeon Crawl Stone Soup version 0.28-a0-1182-g381e24db82 (webtiles) character file.

Game seed: 17428069383865689354

6 Snarg the Shield-Bearer (level 1, 0/14 HPs)
             Began as a Demigod Wanderer on Dec 16, 2021.
             Constricted to death by a ball python (1 damage)
             ... on level 1 of the Dungeon.
             The game lasted 00:01:26 (452 turns).

Snarg the Shield-Bearer (Demigod Wanderer)           Turns: 452, Time: 00:01:26

Health: 0/14       AC:  5    Str: 12    XL:     1   Next: 60%
Magic:  4/4        EV:  7    Int: 13    God:
Gold:   0          SH:  7    Dex: 15    Spells: 1/2 levels left

rFire   . . .      SeeInvis .   a - +0 dagger
rCold   . . .      Faith    .   c - +2 buckler
rNeg    . . .      Spirit   .   b - +0 ring mail
rPois   .          Reflect  .   (no helmet)
rElec   .          Harm     .   (no cloak)
rCorr   .          Rampage  .   (no gloves)
Will    .....                   (no boots)
Stlth   +.........              (no amulet)
HPRegen 0.04/turn               (no ring)
MPRegen 0.09/turn               (no ring)

@: constricted
A: high mp 1, forlorn, divine attributes
a: no special abilities


You were on level 1 of the Dungeon.
You visited 1 branch of the dungeon, and saw 1 of its levels.

Inventory:

Hand Weapons
 a - a +0 dagger (weapon)
 d - a +0 short sword
Armour
 b - a +0 ring mail (worn)
 c - a +2 buckler (worn)


   Skills:
 + Level 1.8 Armour
 + Level 3.9 Shields
 + Level 1.0 Spellcasting
 + Level 1.7 Translocations
 + Level 1.0 Evocations


You had one spell level left.
You knew the following spells:

 Your Spells              Type           Power      Damage    Failure   Level
a - Apportation           Tloc           10%        N/A       30%         1

Your spell library contained the following spells:

 Spells                   Type           Power      Damage    Failure   Level
 Portal Projectile        Hex/Tloc       4%         N/A       80%         3


Dungeon Overview and Level Annotations

Branches:
Dungeon (1/15)


Innate Abilities, Weirdness & Mutations

You have an increased reservoir of magic. (+10% MP)
You shall have no god before yourself.
Your divine heritage dramatically boosts your attributes as you level up.


Message History

The ball python grabs you. The ball python constricts you.
You barely miss the ball python.
The ball python bites you but does no damage.
The ball python constricts you.
You closely miss the ball python. You block the ball python's attack.
The ball python constricts you.
You barely miss the ball python. The ball python completely misses you.
The ball python constricts you. The ball python bites you.
The ball python constricts you.
You are too injured to fight recklessly!
You are too injured to fight recklessly!
You escape the ball python's grasp.
There is an open door here.
There is an open door here.
You block the ball python's attack. The ball python grabs you.
The ball python constricts you.
You escape the ball python's grasp.
You block the ball python's attack. The ball python closely misses you.
You block the ball python's attack. The ball python barely misses you.
The ball python bites you. You block the ball python's attack.
You are too injured to fight recklessly!
You closely miss the ball python. The ball python closely misses you.
The ball python grabs you. The ball python constricts you.
The ball python closely misses you. The ball python constricts you.
You closely miss the ball python. The ball python bites you.
* * * LOW HITPOINT WARNING * * *
The ball python constricts you.
You closely miss the ball python. You block the ball python's attack.
The ball python constricts you.
You hit the ball python.
The ball python is moderately wounded.
The ball python bites you but does no damage.
The ball python constricts you.
* * * LOW HITPOINT WARNING * * *
You closely miss the ball python.
The ball python is moderately wounded.
The ball python bites you.
* * * LOW HITPOINT WARNING * * *
The ball python constricts you.
You die...

#...# #######.#'#
#.......#.#
#.#######'#######
#.#.............#
###.#.###########.#
###...#.. .......#..#
......#.#.#######.#.#
###...#.##......@##.#
#...#.#.###'###S#.#
#...#.#.#.....#K#.#
#.###.#.#.....#.#.#
#.'.'.#.+..<..+.#.+
#####.#.#.....#.#.#
#.#.#.....#.#
#.#.###+###.#
#.##....K..##


You could see a ball python and a kobold.

Vanquished Creatures
  A ball python (D:1)
  An endoplasm (D:1)
  A hobgoblin (D:1)
  2 kobolds (D:1)
5 creatures vanquished.

Notes
Turn   | Place    | Note
-------+----------+-------------------------------------------
     0 | D:1      | Snarg the Demigod Wanderer began the quest for the Orb.
     0 | D:1      | Snarg set off with the following items: a +0 dagger, a +0
                  | ring mail, a +2 buckler; and the following spell memorised:
                  | Apportation; and the following spells available to
                  | memorise: Portal Projectile
     0 | D:1      | Reached XP level 1. HP: 14/14 MP: 4/4
   452 | D:1      | Constricted to death by a ball python

Illustrated notes

Levels and vault maps discovered:
D:1:      matt_arrival_los_fun, layout_rooms, shapermc_ecumenical_altar_pompeii,
          st_stairs_14

Action                   || total
-------------------------++-------
Melee: Dagger            ||    29
Armor: Ring mail         ||     5
Dodge: Dodged            ||    12
Block: Buckler           ||     9

Table legend: (Time is in decaauts)
 A = Elapsed time spent in this place.
 B = Non-inter-level travel time spent in this place.
 C = Inter-level travel time spent in this place.
 D = Time resting spent in this place.
 E = Time spent auto-exploring this place.
 F = Levels seen in this place.
 G = Mean time per level.
                   A        B        C        D        E       F      G
               +--------+--------+--------+--------+--------+-----+--------+
         Total |    452 |    452 |      0 |    120 |    242 |   1 |  452.0 |
       Dungeon |    452 |    452 |      0 |    120 |    242 |   1 |  452.0 |
               +--------+--------+--------+--------+--------+-----+--------+

Top non-repeatable levels by time:
     D:1: 452 daAuts
